 Dungeon Crawl Stone Soup version 0.29-a0-378-gc08b2e8bf8 (console) character file.

Game seed: 620669714019691370

34741 eine the Basher (level 14, -1/112 HPs)
             Began as a Djinni Wanderer on May 4, 2022.
             Was an Initiate of Gozag.
             Slain by a deep elf archer
             ... wielding a +0 short sword
              (7 damage)
             ... on level 2 of the Orcish Mines on May 5, 2022.
             The game lasted 00:41:00 (19727 turns).

eine the Basher (Djinni Wanderer)                  Turns: 19727, Time: 00:41:01

Health: -1/112     AC: 20    Str: 19    XL:     14   Next: 14%
Gold:   1928       EV: 10    Int: 14    God:    Gozag SH:  0 Dex: 13

rFire   + + .      SeeInvis +   y - +5 dire flail (holy)
rCold   . . .      Faith    .   (shield currently unavailable)
rNeg    . . .      Spirit   .   i - +7 plate armour of Perfidy {Rampage *Corrode Str+3}
rPois   ∞          Reflect  .   r - +1 hat
rElec   .          Harm     .   E - +0 cloak
rCorr   .          Rampage  +   H - +0 pair of gloves
Will    +....                   (boots unavailable)
Stlth   ..........              q - amulet of regeneration
HPRegen 1.08/turn               O - ring of Huibien Coul {Fly rC+ SInv}
MPRegen 0.00/turn               F - +4 ring of evasion

@: corroded, gold aura, flying
A: sickness immunity, fire resistance 2, cold vulnerability 1, float, innate
caster, HP casting, extra vitality 1
a: Renounce Religion, Potion Petition, Call Merchant, Bribe Branch


You were on level 2 of the Orcish Mines.
You worshipped Gozag.
Gozag was most pleased with you.
You visited 4 branches of the dungeon, and saw 16 of its levels.
You also visited: Ossuary and Gauntlet.

You collected 5848 gold pieces.
You spent 644 gold pieces at shops.
You paid 3276 gold pieces to Gozag.

Inventory:

Hand Weapons
 s - a +0 morningstar of venom
 y - a +5 dire flail of holy wrath (weapon)
Missiles
 e - a throwing net
Armour
 i - the +7 plate armour of Perfidy (worn) {Rampage *Corrode Str+3}
   (You bought it in a shop on level 11 of the Dungeon)

   Str:       It affects your strength (+3).
   *Corrode:  It may corrode you when you take damage.
   Rampage:   It bestows one free step when moving towards enemies.
 r - a +1 hat (worn)
 E - a +0 cloak (worn)
 H - a +0 pair of gloves (worn)
Jewellery
 q - an amulet of regeneration (around neck)
 t - a ring of protection from cold
 z - a ring of resist corrosion
 F - a +4 ring of evasion (right hand)
 O - the ring of Huibien Coul (left hand) {Fly rC+ SInv}
   (You found it in a Gauntlet)

   [ring of flight]

   rC:        It protects you from cold.
   SInv:      It lets you see invisible.
   Fly:       It grants you flight.
Wands
 p - a wand of iceblast (7)
 B - a wand of flame (54)
 D - a wand of charming (5)
 N - a wand of polymorph (4)
Scrolls
 b - 4 scrolls of blinking
 o - 5 scrolls of enchant armour
 x - 4 scrolls of fog
 C - 3 scrolls of magic mapping
 I - 2 scrolls of enchant weapon
 J - a scroll of brand weapon
 L - 3 scrolls of teleportation
Potions
 a - 8 potions of curing {unknown}
 c - 8 potions of lignification {unknown}
 g - 2 potions of berserk rage
 h - 6 potions of might
 j - 4 potions of ambrosia
 k - 3 potions of attraction
 l - 2 potions of mutation
 m - a potion of cancellation
 n - a potion of haste
 u - 5 potions of brilliance {unknown}
 w - a potion of resistance
 K - 2 potions of heal wounds
 M - a potion of invisibility
Miscellaneous
 G - a tin of tremorstones (inert)


   Skills:
 - Level 14.0 Fighting
 - Level 2.6 Short Blades
 - Level 14.0 Maces & Flails
 + Level 8.0 Armour
 - Level 1.0 Stealth
 - Level 1.5 Spellcasting
 - Level 4.0 Evocations


You couldn't memorise any spells.
You knew the following spells:

 Your Spells              Type           Power      Damage    Failure   Level
a - Lesser Beckoning      Tloc           5%         N/A       100%        3
b - Apportation           Tloc           10%        N/A       96%         1
c - Beastly Appendage     Tmut           10%        N/A       96%         1
d - Blink                 Tloc           10%        N/A       99%         2
e - Stone Arrow           Conj/Erth      10%        3d7       100%        3
f - Inner Flame           Hex/Fire       5%         N/A       100%        3
g - Flame Wave            Conj/Fire      5%         2d5       100%        4
h - Iskenderun's Battles  Conj           5%         2d6       100%        5

Your spell library contained the following spells:

 Spells                   Type           Power      Damage    Failure   Level


Dungeon Overview and Level Annotations

Branches:
Dungeon (11/15)            Temple (0/1) D:5            Lair (2/6) D:8
    Orc (2/2) D:11            Elf (1/3) Orc:2       Ossuary (visited)
Gauntlet (visited)
  Swamp: Lair:2-4    Shoals: Lair:2-4     Snake: Lair:2-4    Spider: Lair:2-4

Altars:
Gozag
Hepliaklqana
Uskayaw
Beogh

Shops:
D:7 (   D:8 *((   D:11 [   Orc:2 ((=[

Annotations:
D:8 1 runed translucent door, croobank's ghost, novice GnDe


Innate Abilities, Weirdness & Mutations

You are immune to sickness and miasma.
You are immune to poison.
Your flesh is very heat resistant. (rF++)
You are vulnerable to cold. (rC-)
You float through the air rather than walking.
You learn spells naturally, not from books.
Your magical power is your life essence.
You have superior vitality. (+4 MHP)


Message History

The arrow hits you!
The air elemental fires a burst of electricity at you.
The stunning burst hits you but does no damage.
The air elemental fires a burst of electricity at you.
The stunning burst hits you but does no damage.
The air elemental fires a burst of electricity at you.
The stunning burst hits you.
The deep elf archer shoots an arrow.
The arrow hits you!!
You can move again.
Unknown command.
You impale the air elemental!!
The air elemental is severely damaged.
The air elemental hits you but does no damage.
The air elemental barely misses you.
You puncture the air elemental!
You destroy the air elemental!
The deep elf archer shoots an arrow.
The arrow hits you!!
* * * LOW HITPOINT WARNING * * *
The deep elf archer shoots an arrow.
The arrow hits you.
* * * LOW HITPOINT WARNING * * *
There is a staircase to the Elven Halls here.
The deep elf archer shoots an arrow.
The arrow hits you!
* * * LOW HITPOINT WARNING * * *
The deep elf archer shoots an arrow.
The arrow hits you.
* * * LOW HITPOINT WARNING * * *
The deep elf archer unwields a +0 longbow.
The deep elf archer wields a +0 short sword.
The deep elf archer hits you with a +0 short sword!
* * * LOW HITPOINT WARNING * * *
Your corrosive artefact corrodes you!
Okay, then.
Unknown command.
Aiming: Iceblast
Press: ? - help, Shift-Dir - straight line The mass of ice explodes!
The iceblast engulfs the deep elf archer!!
The deep elf archer is almost dead.
The deep elf archer hits you with a +0 short sword!
You die...
Your body crumbles into a pile of gold.

### ###### #####
##.#####.##.####...###
#.....#.......#.....[.
#....e..........[..<[[
###....@.........#)[.)[.
###............()[).......
##..............).....)..).
#.....#....>$............)#
##............)......[...##
###.....................#.
##.#...........##.......#.
#.....#.........##.....##.
#####...#...........#.....##.


You could see a deep elf archer (repels missiles).

Vanquished Creatures
  A minotaur (Gauntlet)
  An ettin (Orc:1)
  3 hydras
  2 boulder beetles (D:11)
  2 two-headed ogres
  6 orc high priests (Orc:2)
  Nergalle (Orc:1)
  A death drake (Gauntlet)
  A wretched star (Gauntlet)
  5 orc knights
  A spectral wolf spider (Gauntlet)
  A cyclops (Orc:2)
  A spectral centaur (Gauntlet)
  A gargoyle (D:6)
  2 centaur zombies (Gauntlet)
  A black mamba (Lair:2)
  4 cane toads
  A molten gargoyle (D:11)
  Maggie (D:6)
  An unseen horror (D:11)
  A kobold demonologist (D:11)
  A rime drake (Lair:1)
  4 komodo dragons
  5 trolls
  3 meliai (D:11)
  2 hornets (D:9)
  Grinder (D:5)
  A large abomination (Gauntlet)
  An air elemental (Orc:2)
  5 yaks (Lair:1)
  3 wraiths
  2 wyverns
  3 steam dragons
  Edmund (D:4)
  2 neqoxecs (Gauntlet)
  A warg (Orc:1)
  8 water moccasins
  An acid dragon (D:8)
  An ice beast (D:6)
  35 orc warriors
  A swamp drake (D:11)
  4 black bears
  A sky beast (D:7)
  6 ogres
  17 wolves
  4 centaurs
  4 kobold brigands
  7 bullfrogs
  7 small abominations (Gauntlet)
  3 gnoll sergeants
  A scorpion (D:5)
  3 wights (D:9)
  An electric eel (D:6)
  3 hounds
  37 orc priests
  Crazy Yiuf (D:6)
  4 jellies
  6 iguanas
  22 orc wizards
  A mummy (Ossuary)
  11 gnolls
  5 adders
  3 ufetubi
  3 worms
  4 dart slugs
  94 orcs
  4 endoplasms
  3 giant cockroaches
  4 goblins
  5 hobgoblins
  6 jackals
  6 quokkas
  9 ball pythons
  6 bats
  2 frilled lizards
  8 gnoll skeletons (Ossuary)
  22 kobolds
  10 kobold skeletons (Ossuary)
  7 orc skeletons (Ossuary)
  A quokka zombie (D:6)
  3 rats
  A rat zombie (D:6)
468 creatures vanquished.

Vanquished Creatures (collateral kills)
  An orc priest (Orc:1)
  An orc (Orc:1)
2 creatures vanquished.

Vanquished Creatures (others)
  A two-headed ogre (Orc:1)
  3 orcs
  2 fungi (Lair:1)
  7 plants
  14 withered plants (Gauntlet)
27 creatures vanquished.

Grand Total: 497 creatures vanquished

Notes
Turn   | Place    | Note
-------+----------+-------------------------------------------
     0 | D:1      | eine the Djinni Wanderer began the quest for the Orb.
     0 | D:1      | Reached XP level 1. HP: 17/17 MP: 0/0
   179 | D:1      | Reached XP level 2. HP: 20/23 MP: 0/0
   317 | D:1      | Reached XP level 3. HP: 14/29 MP: 0/0
   317 | D:1      | Learned a level 1 spell: Beastly Appendage
   513 | D:1      | Found a faded altar of an unknown god.
   895 | D:2      | Noticed an ogre
  1033 | D:2      | Found an opulent altar of Gozag.
  1128 | D:2      | Became a worshipper of Gozag Ym Sagoz the Greedy
  1177 | D:2      | Reached XP level 4. HP: 23/35 MP: 0/0
  1701 | D:2      | Killed an ogre
  1702 | D:2      | Reached XP level 5. HP: 5/42 MP: 0/0
  1702 | D:2      | Learned a level 2 spell: Blink
  2003 | D:3      | Noticed a black bear
  2012 | D:3      | Killed a black bear
  2013 | D:3      | Reached skill level 5 in Fighting
  2013 | D:3      | Reached XP level 6. HP: 30/50 MP: 0/0
  2333 | D:3      | Found a hazy altar of Hepliaklqana.
  3456 | D:4      | Noticed Edmund
  3475 | D:4      | Killed Edmund
  3476 | D:4      | Reached XP level 7. HP: 57/57 MP: 0/0
  3476 | D:4      | Learned a level 3 spell: Stone Arrow
  3890 | D:4      | Noticed Dowan
  3917 | D:4      | Noticed Duvessa
  3921 | D:4      | Noticed Duvessa
  3921 | D:4      | Duvessa changed into Duvessa the steam dragon
  3932 | D:4      | Killed Duvessa the steam dragon
  3967 | D:4      | Noticed Dowan
  3967 | D:4      | Dowan changed into Dowan the wolf
  3978 | D:4      | Killed Dowan the wolf
  4412 | D:4      | Reached XP level 8. HP: 50/64 MP: 0/0
  4647 | D:5      | Entered Level 5 of the Dungeon
  4656 | D:5      | Noticed Grinder
  5398 | D:5      | Reached skill level 5 in Armour
  5989 | D:5      | Found a staircase to the Ecumenical Temple.
  5990 | D:5      | Noticed a troll
  6262 | D:4      | Reached skill level 1 in Maces & Flails
  6690 | D:5      | Reached XP level 9. HP: 68/68 MP: 0/0
  6690 | D:5      | Learned a level 3 spell: Inner Flame
  6873 | D:5      | Killed Grinder
  7212 | D:5      | Killed a troll
  7386 | D:6      | Reached skill level 5 in Maces & Flails
  7457 | D:6      | Noticed a gargoyle
  7499 | D:6      | Noticed Maggie
  7512 | D:6      | Killed Maggie
  7789 | D:6      | Identified the +5 leather armour "Tuvo" {rElec rPois MP-9
                  | Slay+6}
  7889 | D:6      | Killed a gargoyle
  7890 | D:6      | Reached XP level 10. HP: 61/75 MP: 0/0
  7911 | D:6      | Found a sand-covered staircase.
  7918 | Ossuary  | Entered an ossuary
  8642 | D:6      | Found a runed translucent door.
  8643 | D:6      | Noticed Crazy Yiuf
  8773 | D:6      | Killed Crazy Yiuf
  9152 | D:7      | Noticed a two-headed ogre
  9517 | D:7      | Killed a two-headed ogre
 10507 | D:8      | Found a runed translucent door.
 10508 | D:8      | Noticed croobank's ghost (novice GnDe)
 10792 | D:8      | Found a staircase to the Lair.
 10944 | D:8      | Noticed a two-headed ogre
 11164 | D:9      | Reached skill level 10 in Maces & Flails
 11294 | D:9      | Reached XP level 11. HP: 68/79 MP: 0/0
 11294 | D:9      | Learned a level 4 spell: Flame Wave
 11630 | D:9      | Noticed a two-headed ogre
 11881 | D:9      | Killed a two-headed ogre
 11921 | D:10     | Entered Level 10 of the Dungeon
 12725 | D:11     | Noticed a boulder beetle
 12826 | D:11     | Found a hide-covered altar of Uskayaw.
 13114 | D:11     | Noticed a boulder beetle
 13142 | D:11     | Killed a boulder beetle
 13370 | Lair:1   | Entered Level 1 of the Lair of Beasts
 13816 | Lair:1   | Noticed an eight-headed hydra
 13825 | Lair:1   | Killed an eight-headed hydra
 13826 | Lair:1   | Reached XP level 12. HP: 37/85 MP: 0/0
 14211 | Lair:2   | Noticed a seven-headed hydra
 14211 | Lair:2   | Found a gate leading to a gauntlet.
 14219 | Lair:2   | Killed a seven-headed hydra
 14226 | Gauntlet | Entered a Gauntlet
 14226 | Gauntlet | Found a transporter.
 14226 | Gauntlet | Found a transporter.
 14230 | Gauntlet | Found a transporter.
 14230 | Gauntlet | Found a transporter.
 14253 | Gauntlet | Noticed a death drake
 14255 | Gauntlet | Found a transporter.
 14257 | Gauntlet | Noticed a death yak
 14257 | Gauntlet | Found a large runed translucent door.
 14258 | Gauntlet | Found a large runed translucent door.
 14258 | Gauntlet | Noticed a wretched star
 14258 | Gauntlet | Noticed a death yak
 14258 | Gauntlet | Noticed a death yak
 14259 | Gauntlet | Noticed a death yak
 14260 | Gauntlet | Found a runed translucent gate.
 14261 | Gauntlet | Found a transporter.
 14261 | Gauntlet | Found a transporter.
 14261 | Gauntlet | Found a runed translucent gate.
 14265 | Gauntlet | Found a transporter.
 14269 | Gauntlet | Found a runed translucent gate.
 14271 | Gauntlet | Found a large runed translucent door.
 14272 | Gauntlet | Found a large runed translucent door.
 14283 | Gauntlet | Found a large runed translucent door.
 14284 | Gauntlet | Found a large runed translucent door.
 14284 | Gauntlet | Found a large runed translucent door.
 14284 | Gauntlet | Found a large runed translucent door.
 14292 | Gauntlet | Found a transporter.
 14295 | Gauntlet | Found a large runed translucent door.
 14295 | Gauntlet | Found a large runed translucent door.
 14295 | Gauntlet | Found a runed translucent door.
 14295 | Gauntlet | Found a runed translucent door.
 14296 | Gauntlet | Found a large runed translucent door.
 14297 | Gauntlet | Found a large runed translucent door.
 14299 | Gauntlet | Found a transporter.
 14317 | Gauntlet | Found a transporter.
 14363 | Gauntlet | Found a transporter.
 14377 | Gauntlet | Noticed a four-headed hydra
 14378 | Gauntlet | Found a transporter.
 14394 | Gauntlet | Found a large runed translucent door.
 14394 | Gauntlet | Found a large runed translucent door.
 14395 | Gauntlet | Found a large runed translucent door.
 14396 | Gauntlet | Found a large runed translucent door.
 14472 | Gauntlet | Found a transporter.
 14481 | Gauntlet | Found a transporter.
 14485 | Gauntlet | Noticed a death yak
 14485 | Gauntlet | Noticed a death yak
 14490 | Gauntlet | Noticed a death yak
 14497 | Gauntlet | Found a transporter.
 14722 | Gauntlet | Killed a death drake
 14761 | Gauntlet | Identified the ring of Huibien Coul {Fly rC+ SInv}
 14821 | Gauntlet | Killed a wretched star
 14821 | Gauntlet | HP: 6/129 [small abomination (13)]
 14988 | Gauntlet | Identified the amulet "Put-Me-On" {Spirit +Inv Str+3 Int-4
                  | Dex+2}
 14988 | Gauntlet | Noticed a minotaur
 15050 | Gauntlet | Killed a minotaur
 15359 | Lair:2   | Reached XP level 13. HP: 96/96 MP: 0/0
 15359 | Lair:2   | Learned a level 5 spell: Iskenderun's Battlesphere
 15386 | Lair:2   | Reached skill level 10 in Fighting
 15396 | Lair:2   | Noticed a seven-headed hydra
 15409 | Lair:2   | Killed a seven-headed hydra
 15541 | Lair:2   | Identified a scroll of acquirement
 15541 | Lair:2   | Acquired 1197 gold pieces
 16114 | D:11     | Found Kocufao's Antique Armour Boutique.
 16387 | D:11     | Killed a boulder beetle
 16666 | D:11     | Found a staircase to the Orcish Mines.
 16786 | D:11     | Bought a transparent plate armour for 644 gold pieces
 16786 | D:11     | Identified the +7 plate armour of Perfidy {Rampage *Corrode
                  | Str+3} (You bought it in a shop on level 11 of the Dungeon)
 16870 | Orc:1    | Entered Level 1 of the Orcish Mines
 16907 | Orc:1    | Noticed Nergalle
 16943 | Orc:1    | Killed Nergalle
 17114 | Orc:1    | Noticed an ettin
 17191 | Orc:1    | Killed an ettin
 17693 | Orc:2    | Entered Level 2 of the Orcish Mines
 18080 | Orc:2    | Found a staircase to the Elven Halls.
 19060 | Orc:2    | Reached XP level 14. HP: 107/111 MP: 0/0
 19566 | Orc:2    | Found Izutz's Weapon Shoppe.
 19566 | Orc:2    | Found Woluczonk's Antique Armour Shoppe.
 19567 | Orc:2    | Found Zoahec's Antique Weapon Emporium.
 19567 | Orc:2    | Found Are Ful's Jewellery Shoppe.
 19630 | Elf:1    | Entered Level 1 of the Elven Halls
 19704 | Elf:1    | Paralysed by an air elemental for 1 turns
 19707 | Orc:2    | Paralysed by an air elemental for 1 turns
 19711 | Orc:2    | Paralysed by an air elemental for 1 turns
 19719 | Orc:2    | Paralysed by an air elemental for 1 turns
 19726 | Orc:2    | HP: 5/112 [deep elf archer/+0 short sword (13)]
 19727 | Orc:2    | Slain by a deep elf archer

Illustrated notes

Levels and vault maps discovered:
D:1:      elethiomel_arrival_quiet, layout_basic,
          shapermc_ecumenical_altar_venn, minmay_tromino_v4_b
D:2:      minmay_recursive_quarters, layout_rooms, basic_altar
D:3:      layout_loops_corners, worldfamousw_hep_ancestral_shrine
D:4:      minmay_chambers_of_threes, layout_basic, uniq_edmund, uniq_duvessa
D:5:      layout_loops_ring, minmay_temple_entry_stoned_glass, uniq_grinder
D:6:      kennysheep_big_flooded_room, layout_basic, enter_ossuary_4,
          hangedman_decor_diamond_cutter, uniq_crazy_yiuf_cottage, uniq_maggie
D:7:      layout_loops_ring, minmay_misc_feat_secret_circle, minivault_1
D:8:      layout_basic, lair_entry_dummy, ebering_ghost_inner_flame
D:9:      layout_roguey, david_defended_altar_orc
D:10:     layout_basic, lemuel_flamethrower_2
D:11:     layout_long_grid, erik_orc_1, serial_shops,
          nicolae_shop_temple_entry_statues_fountains,
          kennysheep_cluttered_room, nicolae_uskayaw_suspiria
Lair:1:   layout_long_grid, lemuel_fruit_fields
Lair:2:   layout_cave_shapes, gauntlet_entry_generic, grunt_megastairs_4
Orc:1:    layout_caves, uniq_nergalle
Orc:2:    st_orc_pillars, layout_caves, basic_altar, bh_open_orc_temple
Elf:1:    nicolae_elf_arrival_aired_out, layout_loops_cross, serial_shops,
          shop_statue, hangedman_elven_crosses_minicolossus, minmay_shop_star,
          uniq_roxanne

Skill      XL: |  1  2  3  4  5  6  7  8  9 10 11 12 13 14 |
---------------+-------------------------------------------+-----
Fighting       | 2 3 4 5 6 7 9 13 14 | 14.0
Evocations     | 2 4 |  4.0
Armour         | 6 7 8 |  8.0
Maces & Flails | 2 7 10 13 14 | 14.0
Short Blades   | |  2.6
Stealth        | |  1.0
Spellcasting   | |  1.5

Action                   |  1- 3 |  4- 6 |  7- 9 | 10-12 | 13-15 || total
-------------------------+-------+-------+-------+-------+-------++-------
Melee: Rapier            |    83 |   111 |       |       |       ||   194
       Punch             |     2 |     1 |       |       |       ||     3
       Unarmed           |       |     3 |       |       |       ||     3
       Dire flail        |       |       |   262 |   702 |   698 ||  1662
       Morningstar       |       |       |    35 |       |       ||    35
Invok: Call Merchant     |       |       |       |     1 |     3 ||     4
Evoke: Wand              |       |     5 |    17 |    12 |     9 ||    43
       Tin of tremorston |       |       |       |     3 |     2 ||     5
  Use: Scroll            |       |       |    10 |    19 |     3 ||    32
       Potion            |       |       |       |     1 |       ||     1
 Stab: Sleeping          |     1 |       |       |       |       ||     1
       Distracted        |       |       |       |     3 |     4 ||     7
       Paralysed         |       |       |       |       |     2 ||     2
Armor: Robe              |    14 |       |       |       |       ||    14
       Chain mail        |    20 |    56 |   248 |   356 |    59 ||   739
       Plate armour      |       |       |       |       |   238 ||   238
Dodge: Dodged            |    42 |    35 |   118 |   304 |   279 ||   778
Block: Other             |     3 |    22 |    91 |    46 |       ||   162
       Reflection        |       |       |     6 |     1 |       ||     7

Table legend: (Time is in decaauts)
 A = Elapsed time spent in this place.
 B = Non-inter-level travel time spent in this place.
 C = Inter-level travel time spent in this place.
 D = Time resting spent in this place.
 E = Time spent auto-exploring this place.
 F = Levels seen in this place.
 G = Mean time per level.
                   A        B        C        D        E       F      G
               +--------+--------+--------+--------+--------+-----+--------+
         Total |  19408 |  18126 |   1282 |   4872 |   8777 |  18 | 1078.2 |
       Dungeon |  14000 |  13005 |    995 |   3929 |   6426 |  11 | 1272.7 |
          Lair |   1558 |   1417 |    141 |    120 |    917 |   2 |  779.0 |
  Orcish Mines |   2652 |   2507 |    145 |    669 |    920 |   2 | 1326.0 |
   Elven Halls |     10 |     10 |      0 |      0 |      0 |   1 |   10.0 |
       Ossuary |    304 |    304 |      0 |     54 |    114 |   1 |  304.0 |
      Gauntlet |    881 |    881 |      0 |    100 |    400 |   1 |  881.0 |
               +--------+--------+--------+--------+--------+-----+--------+

Top non-repeatable levels by time:
     D:4: 2779 daAuts
     D:5: 1743 daAuts
   Orc:1: 1477 daAuts
     D:8: 1370 daAuts
    D:11: 1282 daAuts
   Orc:2: 1174 daAuts
     D:3: 1173 daAuts
     D:6: 1027 daAuts
     D:2: 1005 daAuts
     D:1: 973 daAuts
    D:10: 946 daAuts
     D:7: 907 daAuts
Gauntlet: 881 daAuts
  Lair:1: 866 daAuts
     D:9: 792 daAuts
